 Dungeon Crawl Stone Soup version 0.24.0-123-gd5b16e6ec5 (webtiles) character file.

Game seed: 6024984198809700096, levelgen mode: deterministic

3149 Notrik the Fighter (level 9, -1/211 HPs)
             Began as a Minotaur Berserker on Feb 5, 2020.
             Was an Elder of Trog.
             Slain by a killer bee (5 damage)
             ... on level 9 of the Dungeon.
             The game lasted 00:17:30 (6530 turns).

Notrik the Fighter (Minotaur Berserker)             Turns: 6530, Time: 00:17:30

Health: -1/211     AC: 30    Str: 30    XL:     9   Next: 62%
Magic:  11/11      EV:  2    Int:  4    God:    Trog [****..]
Gold:   46         SH: 19    Dex: 10    Spells: 8/8 levels left

rFire    . . .     SeeInvis .   E - +4 morningstar (protect)
rCold    + . .     Gourm    .   J - +0 large shield
rNeg     + + +     Faith    .   (armour currently unavailable)
rPois    +         Spirit   .   (helmet currently unavailable)
rElec    .         Reflect  +   (cloak currently unavailable)
rCorr    .         Harm     .   (gloves currently unavailable)
MR       .....     NoTele   +   (boots currently unavailable)
Stlth    ..........             i - +3 amulet of reflection
HPRegen  0.45/turn              k - +6 ring of protection
MPRegen  0.12/turn              o - ring of protection from cold

@: berserking (expiring), lethally poisoned (-1 -> -10), tree-form, very quick
A: (retaliatory headbutt)
a: Berserk, Trog's Hand, Brothers in Arms, Renounce Religion


You were on level 9 of the Dungeon.
You worshipped Trog.
Trog was greatly pleased with you.
You were near starving.
You were a tree.
You visited 1 branch of the dungeon, and saw 9 of its levels.
You also visited: Sewer.

You collected 392 gold pieces.
You spent 346 gold pieces at shops.

Inventory:

Hand Weapons
 E - a +4 morningstar of protection (weapon)
   (You took it off an orc on level 6 of the Dungeon)
Armour
 g - a +0 leather armour of cold resistance (melded)
   (You found it on level 1 of the Dungeon)
 l - a +0 pair of gloves (melded)
   (You found it on level 1 of the Dungeon)
 m - a +0 pair of boots (melded)
   (You found it on level 1 of the Dungeon)
 n - a +2 hat (melded)
   (You found it on level 2 of the Dungeon)
 p - a +0 scale mail
   (You took it off an orc on level 3 of the Dungeon)
 J - a +0 large shield (worn)
   (You bought it in a shop on level 5 of the Dungeon)
Jewellery
 i - a +3 amulet of reflection (around neck)
   (You found it on level 1 of the Dungeon)
 k - a +6 ring of protection (left branch)
   (You found it on level 3 of the Dungeon)
 o - a ring of protection from cold (right branch)
   (You found it on level 4 of the Dungeon)
Wands
 d - a wand of iceblast (6)
   (You found it on level 5 of the Dungeon)
 v - a wand of digging (7)
   (You found it on level 8 of the Dungeon)
Scrolls
 c - a scroll of blinking {unknown}
 h - 4 scrolls of teleportation {@r4}
 j - 3 scrolls of identify {@r1}
 q - 3 scrolls of magic mapping {unknown}
 r - 4 scrolls of fear
 t - a scroll of amnesia {unknown}
 u - 3 scrolls of fog {unknown}
 y - a scroll of immolation {unknown}
 B - 2 scrolls of remove curse {unknown}
 G - a scroll of noise {unknown}
 H - a scroll of enchant weapon {unknown}
 I - a scroll of holy word {unknown}
 K - a scroll of enchant armour {unknown}
Potions
 b - 3 potions of brilliance
 f - 6 potions of curing {@q1}
 s - 2 potions of might
 w - 3 potions of haste {@q3}
 x - 2 potions of invisibility
 z - a potion of mutation {!q}
 A - 3 potions of agility
 C - 2 potions of lignification {!q}
 D - 2 potions of heal wounds {@q2}
 F - 3 potions of resistance
 L - a potion of ambrosia
Comestibles
 e - 8 rations {!d}


   Skills:
 + Level 13.7 Fighting
 - Level 3.6 Maces & Flails
 - Level 2.4 Armour
 - Level 2.1 Dodging
 + Level 5.4 Shields
 + Level 4.4 Evocations


You had 8 spell levels left.
You didn't know any spells.
Your spell library was empty.

Dungeon Overview and Level Annotations

Branches:
Dungeon (9/15)             Temple (0/1) D:7           Sewer (visited)
   Lair: D:8-11         Orc: D:9-12

Altars:
Ashenzari
Cheibriados
Wu Jian

Shops:
D:5 *   D:6 [   D:7 ![(


Innate Abilities, Weirdness & Mutations

((You reflexively headbutt those who attack you in melee.))
((You have a pair of horns on your head.))


Message History

You block the killer bee's attack. x3
The killer bee stings you but does no damage. x4
You block the killer bee's attack.
The killer bee stings you but does no damage. x5
A killer bee comes into view.
The killer bee stings you but does no damage.
The killer bee barely misses you.
The killer bee stings you but does no damage.
The killer bee barely misses you.
Unknown command.
Your shield prevents you from hitting the killer bee.
The killer bee buzzes angrily.
The killer bee stings you but does no damage. x2
You block the killer bee's attack. x3
The killer bee stings you but does no damage. x2
The killer bee stings you.
* * * LOW HITPOINT WARNING * * *
You are more poisoned.
The killer bee poisons you! The killer bee stings you.
* * * LOW HITPOINT WARNING * * *
The killer bee stings you but does no damage.
The killer bee stings you.
* * * LOW HITPOINT WARNING * * *
The killer bee stings you but does no damage. x5
You block the killer bee's attack.
You barely miss the killer bee.
You feel sick.
The killer bee buzzes angrily.
You hear an angry buzzing noise.
You block the killer bee's attack.
The killer bee stings you but does no damage.
You block the killer bee's attack.
The killer bee stings you but does no damage.
The killer bee stings you.
* * * LOW HITPOINT WARNING * * *
The killer bee stings you but does no damage. x2
You block the killer bee's attack.
The killer bee stings you but does no damage.
You block the killer bee's attack.
The killer bee stings you but does no damage. x4
You block the killer bee's attack. x2
The killer bee stings you but does no damage.
You are too berserk!
You miss the killer bee.
You feel sick. The killer bee stings you.
* * * LOW HITPOINT WARNING * * *
You are lethally poisoned!
The killer bee poisons you!
The killer bee stings you but does no damage.
You block the killer bee's attack. x2
The killer bee stings you but does no damage.
The killer bee stings you.
You die...

#.. %
#..############ #.
##...............
#.#.....#..........
##y.?...#..........
##.......#..........
.(...yyyy#..........
#.†♣y#..........
##yy............
#....####......##
##### #.####.#
#<####.# #......#
#......# #......#
#......#


You could see 8 killer bees.

Vanquished Creatures
  A queen bee (D:9)
  3 sky beasts
  A black bear (D:8)
  2 orc warriors
  3 phantoms
  2 ogres (D:8)
  2 centaurs (D:6)
  3 big kobolds (Sewer)
  3 bullfrogs
  3 killer bees (D:9)
  4 crimson imps
  A centaur zombie (D:5)
  4 hounds
  8 orc wizards
  3 orc priests
  3 iguanas
  6 worker ants
  A mummy (D:7)
  A howler monkey zombie (D:7)
  2 worker ant zombies (D:4)
  12 adders
  A river rat (Sewer)
  6 oozes
  6 worms
  5 leopard geckos
  24 orcs
  2 ball pythons (Sewer)
  4 bats
  15 giant cockroaches
  7 goblins
  6 hobgoblins
  3 jackals (D:6)
  10 kobolds
  3 quokkas (D:3)
  7 frilled lizards
  A jackal skeleton (D:7)
  2 jackal zombies
  A quokka skeleton (D:6)
  A quokka zombie (D:6)
  15 rats
187 creatures vanquished.

Vanquished Creatures (others)
  A centaur (D:5)
1 creature vanquished.

Grand Total: 188 creatures vanquished

Notes
Turn   | Place    | Note
-------+----------+-------------------------------------------
     0 | D:1      | Notrik the Minotaur Berserker began the quest for the Orb.
     0 | D:1      | Reached XP level 1. HP: 19/19 MP: 0/0
   361 | D:1      | Reached skill level 4 in Fighting
   448 | D:1      | Found a shattered altar of Ashenzari.
   475 | D:1      | Reached XP level 2. HP: 22/28 MP: 1/1
   964 | D:2      | Found an ornate altar of the Wu Jian Council.
  1022 | D:2      | Reached skill level 5 in Fighting
  1063 | D:2      | Reached XP level 3. HP: 36/36 MP: 2/2
  1201 | D:2      | Reached ** piety under Trog
  1577 | D:3      | Reached XP level 4. HP: 43/44 MP: 3/3
  1602 | D:3      | Reached skill level 6 in Fighting
  1688 | D:3      | Found a glowing drain.
  1703 | Sewer    | Entered a sewer
  1820 | Sewer    | Noticed a big kobold
  1838 | Sewer    | Killed a big kobold
  1838 | Sewer    | Reached skill level 7 in Fighting
  1838 | Sewer    | Reached XP level 5. HP: 51/52 MP: 4/4
  2038 | Sewer    | Reached skill level 8 in Fighting
  2038 | Sewer    | Reached XP level 6. HP: 61/61 MP: 5/5
  2084 | Sewer    | Reached *** piety under Trog
  2274 | D:3      | Reached skill level 9 in Fighting
  2790 | D:4      | Got an iridescent quarterstaff
  2791 | D:4      | Identified the +1 quarterstaff of Yhiara {flame, Str+3
                  | SInv} (You found it on level 4 of the Dungeon)
  2889 | D:4      | Received a gift from Trog
  2902 | D:4      | Reached XP level 7. HP: 36/70 MP: 6/6
  3421 | D:5      | Entered Level 5 of the Dungeon
  3462 | D:5      | You fall into a shaft and drop 3 floors!
  3470 | D:8      | Reached skill level 10 in Fighting
  3549 | D:7      | Found Ahigram's Weapon Emporium.
  3710 | D:6      | Reached skill level 11 in Fighting
  3737 | D:6      | Found Zotaj's Armour Shoppe.
  3834 | D:6      | Reached XP level 8. HP: 82/82 MP: 7/7
  4024 | D:6      | Reached **** piety under Trog
  4055 | D:6      | Reached skill level 12 in Fighting
  4268 | D:5      | Reached skill level 1 in Evocations
  4368 | D:5      | Found Soraecy's Mass Market.
  4371 | D:5      | Bought a +0 large shield for 58 gold pieces
  4392 | D:5      | Reached skill level 1 in Shields
  5195 | D:5      | Reached skill level 13 in Fighting
  5347 | D:7      | Found a staircase to the Ecumenical Temple.
  5369 | D:7      | Reached XP level 9. HP: 86/93 MP: 8/10
  5459 | D:7      | Found Qaaguas's Distillery.
  5481 | D:7      | Bought a potion of invisibility for 96 gold pieces
  5481 | D:7      | Bought a potion of agility for 48 gold pieces
  5481 | D:7      | Bought a potion of ambrosia for 96 gold pieces
  5481 | D:7      | Bought a potion of agility for 48 gold pieces
  5500 | D:7      | Found Ecroqin's Antique Armour Shoppe.
  5536 | D:7      | Found a snail-covered altar of Cheibriados.
  6507 | D:9      | Noticed a queen bee
  6517 | D:9      | Reached skill level 5 in Shields
  6524 | D:9      | Killed a queen bee
  6529 | D:9      | HP: 7/211 [killer bee (5)]
  6530 | D:9      | Slain by a killer bee

Levels and vault maps discovered:
D:1:      ebering_trefoil_twist, layout_loops_ring, evilmike_ruin_ashenzari
D:2:      layout_basic, old_standard_altar, first_ration,
          chequers_serial_rivers_large_a
D:3:      layout_basic, gup_sewer_entry_pipe, minmay_box_of_dots
D:4:      layout_gridville, grunt_ministairs_7, wad_orctagon
D:5:      layout_basic, minmay_shop_mass, kennysheep_minor_cross
D:6:      layout_gridville, serial_shops,
          nicolae_shop_competitors_out_of_business
D:7:      layout_basic, minmay_temple_entry_grid, serial_shops,
          kennysheep_mini_moat, shop, shop, chei_slow_surprise
D:8:      layout_cave_pods
D:9:      layout_stronghold, ebering_ghost_xom, david_nohive_1

Skill      XL: |  1  2  3  4  5  6  7  8  9 |
---------------+----------------------------+-----
Fighting       | 4 5 7 8 9 11 13 | 13.7
Evocations     | 2 4 |  4.4
Shields        | 2 5 |  5.4
Maces & Flails | |  3.6
Armour         | |  2.4
Dodging        | |  2.1

Action                   |  1- 3 |  4- 6 |  7- 9 || total
-------------------------+-------+-------+-------++-------
Melee: Mace              |    21 |       |       ||    21
       Dagger            |    68 |   165 |       ||   233
       Headbutt          |     5 |    26 |    33 ||    64
       Quarterstaff      |       |    17 |   107 ||   124
       Morningstar       |       |       |   120 ||   120
Invok: Berserk           |       |     1 |     1 ||     2
       Trog's Hand       |       |       |     1 ||     1
  Use: Scroll            |     3 |     3 |    11 ||    17
       Potion            |       |       |     1 ||     1
  Eat: Chunk             |     2 |     4 |     6 ||    12
       Ration            |       |       |     2 ||     2
Armor: Animal skin       |     3 |       |       ||     3
       Leather armour    |    24 |    63 |   112 ||   199
       Skin              |       |       |   129 ||   129
Dodge: Dodged            |    59 |    99 |   133 ||   291
Block: Other             |    11 |    18 |    14 ||    43
       Reflection        |     1 |       |     8 ||     9
       Large shield      |       |       |   174 ||   174
